 Dungeon Crawl Stone Soup version 0.32-a0-814-g0968bab981 (webtiles) character file.

Game seed: 1757583340981543049

23962 nuthulu the Warrior (level 12, -10/122 HPs)
             Began as a Minotaur Fighter on Mar 13, 2024.
             Was a High Priest of Okawaru.
             Mangled by Rupert
             ... wielding a +1 vampiric battleaxe
              (15 damage)
             ... on level 3 of the Lair of Beasts on Mar 22, 2024.
             The game lasted 00:22:04 (15456 turns).

nuthulu the Warrior (Minotaur Fighter)             Turns: 15456, Time: 00:22:05

Health: -10/122    AC: 17    Str: 33    XL:     12   Next: 76%
Magic:  19/19      EV:  6    Int: 11    God:    Okawaru [*****.]
Gold:   513        SH:  7    Dex: 11    Spells: 11/11 levels left

rFire   + . .        a - +1 war axe
rCold   . . .        s - +3 buckler {AC+3}
rNeg    + . .        y - +0 plate armour
rPois   .            A - +0 hat "Tifileda" {Str+4}
rElec   .            F - +1 cloak {Will+}
rCorr   .            (no gloves)
SInv    +            i - +0 pair of boots
Will    +....        (no amulet) Stlth
                     b - ring of positive energy
HPRegen 0.40/turn    I - ring of the Tormentor {rF+ Str+4 Int+6 SInv}
MPRegen 0.16/turn

%: no passive effects
@: mighty, slowed, invisible, very slow
A: horns 2, retaliatory headbutt
a: Renounce Religion, Heroism, Finesse, Duel


You were on level 3 of the Lair of Beasts.
You worshipped Okawaru.
Okawaru was extremely pleased with you.
You visited 3 branches of the dungeon, and saw 15 of its levels.

You collected 1308 gold pieces.
You spent 795 gold pieces at shops.

Inventory:

Hand Weapons
 a - a +1 war axe (weapon)
 c - a +3 flail of protection
Armour
 i - a +0 pair of boots (worn)
 s - a +3 buckler of protection (worn)
 y - a +0 plate armour (worn)
 A - the +0 hat "Tifileda" (worn) {Str+4}
   (You bought it in a shop on level 4 of the Dungeon)

   Str+4:     It affects your strength (+4).
 F - a +1 cloak of willpower (worn)
Jewellery
 b - a ring of positive energy (left hand)
 h - a +6 ring of intelligence
 m - a ring of wizardry
 p - a +4 ring of protection
 q - a ring of resist corrosion
 v - a +6 ring of intelligence
 w - a ring of flight
 C - a +6 ring of strength
 I - the ring of the Tormentor (right hand) {rF+ Str+4 Int+6 SInv}
   (You found it on level 2 of the Lair of Beasts)

   [ring of intelligence]

   Str+4:     It affects your strength (+4).
   Int+6:     It affects your intelligence (+6).
   rF+:       It protects you from fire.
   SInv:      It lets you see invisible.
Wands
 r - a wand of warping (12)
 E - a wand of mindburst (2)
 J - a wand of flame (6)
Scrolls
 l - 9 scrolls of teleportation
 u - a scroll of blinking
 x - 2 scrolls of fear
 D - 4 scrolls of identify
 G - a scroll of revelation
Potions
 d - a potion of might
 e - 5 potions of lignification
 f - a potion of ambrosia
 g - a potion of resistance
 j - a potion of cancellation
 k - 2 potions of enlightenment
 n - 4 potions of brilliance
 o - 3 potions of attraction
 t - 6 potions of curing
 B - 2 potions of mutation
 H - a potion of magic


   Skills:
 + Level 16.2 Fighting
 + Level 15.8 Axes
 - Level 3.6 Armour
 - Level 3.6 Shields
 - Level 10.8 Invocations


You had 11 spell levels left.
You didn't know any spells.
Your spell library contained the following spells:

 Spells                   Type           Power      Damage    Failure   Level
 Dazzling Flash           Conj/Hex       0%         N/A       100%        3
 Frozen Ramparts          Ice            0%         1d1       100%        3
 Mephitic Cloud           Conj/Alch/Air  0%         N/A       100%        3
 Ozocubu's Armour         Ice            0%         N/A       100%        3
 Sigil of Binding         Hex            0%         N/A       100%        3
 Curse of Agony           Necr           0%         N/A       100%        5
 Metabolic Englaciation   Hex/Ice        0%         N/A       100%        5
 Silence                  Hex/Air        0%         N/A       100%        5
 Death Channel            Necr           Unusable   N/A       N/A         6
 Sculpt Simulacrum        Ice/Alch       Unusable   N/A       N/A         6

Dungeon Overview and Level Annotations

Branches:
Dungeon (11/15)            Temple (1/1) D:6            Lair (3/5) D:10
  Swamp (0/4) Lair:3          Orc (0/2) D:11
  Snake: Lair:2-3    Spider: Lair:2-3

Altars:
Ashenzari
Cheibriados
Dithmenos
Elyvilon
Fedhas
Gozag
Hepliaklqana
Kikubaaqudgha
Makhleb
Nemelex Xobeh
Okawaru
Qazlal
Ru
Sif Muna
Trog
Uskayaw
Vehumet
Wu Jian
Xom
Yredelemnul
Zin
The Shining One

Shops:
D:4 [   D:6 [   D:8 *

Annotations:
D:7 2 transporters, starts1789's ghost, novice FeSh
Lair:3 Rupert


Innate Abilities, Weirdness & Mutations

You have a pair of horns on your head.
You reflexively headbutt those who attack you in melee.


Message History

Press: ? - help, Shift-Dir - straight line, f/p - Sonja
Aim: Sonja, wielding a +1 dagger of venom and quivering curare-tipped darts (severely wounded, 25% to hit)
The puff of flame hits Sonja!
Sonja is almost dead.
You feel very sick.
Sonja throws a curare-tipped dart.
The curare-tipped dart hits you.
You are more poisoned.
You have difficulty breathing.
You feel as though you will be slow longer.
You slash Sonja!
You kill Sonja!
Okawaru accepts your kill.
You slash the fungus!
The fungus begins to die.
You feel very sick.
Rupert the Wild comes into view.
He is wielding a +1 vampiric battleaxe and wearing a +0 chain mail of fire resistance.
You feel very sick.
Rupert shouts!
Rupert says, "You are weak."
Things that are here:
a +1 dagger of venom; 5 curare-tipped darts You feel very sick.
A nearby fungus withers and dies.
You feel very sick. Rupert hits you but does no damage.
You feel better.
Rupert hits you with a +1 vampiric battleaxe!!
Rupert roars madly and goes into a rage!
Rupert goes berserk!
Rupert hits you with a +1 vampiric battleaxe!
You fade into invisibility!
Rupert hits you but does no damage.
Rupert hits you with a +1 vampiric battleaxe!!
You feel very mighty all of a sudden.
Rupert hits you with a +1 vampiric battleaxe!!
* * * LOW HITPOINT WARNING * * *
Rupert hits you with a +1 vampiric battleaxe!
* * * LOW HITPOINT WARNING * * *
Rupert hits you with a +1 vampiric battleaxe!
You die...
Rupert roars with triumph.

###§§§†..# #....... ###
##§..>§..## ......
#.###...§.§§## ##.....
#.......§....##P.......
####...................
##.###.....<.........
### #................
###.....#........
##..@..........
#..@........##
#.#.......>..#
####........##
#..........#
#.)#.......#
#......)..##
####.......# #........


You could see Rupert (berserk, unable to see you).

Vanquished Creatures
  Gastronok (D:8)
  2 hydras (Lair:2)
  A two-headed ogre (D:10)
  Sonja (Lair:3)
  Nergalle (Lair:1)
  Amaemon (Lair:1)
  An oklob plant (Lair:2)
  A will-o-the-wisp (Lair:3)
  8 elephants
  An orange demon (Lair:1)
  3 black mambas
  Jeremiah (D:7)
  Joseph (D:7)
  9 cane toads
  A rime drake (Lair:1)
  3 kobold demonologists (D:9)
  2 hornets (D:9)
  A troll (D:8)
  9 blink frogs
  A polar bear (Lair:1)
  2 wyverns (D:9)
  15 yaks
  3 wraiths
  A basilisk (D:9)
  Menkaure (D:7)
  Edmund (D:4)
  4 water moccasins
  3 orc warriors
  An ogre (D:6)
  An ice beast (D:7)
  2 black bears
  6 centaurs
  11 wolves
  6 kobold brigands
  5 bullfrogs
  A gnoll sergeant (D:9)
  2 scorpions
  3 wights
  4 killer bees
  3 howler monkeys
  2 electric eels (D:9)
  3 bombardier beetles
  5 hounds
  A gnoll bouda (D:4)
  4 orc priests
  2 iguanas
  3 jellies
  A sleepcap (D:5)
  6 orc wizards
  6 hell rats (Lair:2)
  7 adders
  13 gnolls
  15 white imps
  A dart slug (D:3)
  4 ribbon worms
  17 orcs
  4 bats
  5 endoplasms
  4 giant cockroaches
  2 goblins
  6 hobgoblins
  6 jackals
  30 kobolds
  2 quokkas
  7 ball pythons
  2 frilled lizards (D:4)
  4 rats
286 creatures vanquished.

Vanquished Creatures (others)
  An orc wizard (D:7)
  8 foxfires (Lair:3)
9 creatures vanquished.

Grand Total: 295 creatures vanquished

Notes
Turn   | Place    | Note
-------+----------+-------------------------------------------
     0 | D:1      | nuthulu the Minotaur Fighter began the quest for the Orb.
     0 | D:1      | Reached XP level 1. HP: 19/19 MP: 0/0
   226 | D:1      | Reached skill level 4 in Fighting
   279 | D:1      | Reached XP level 2. HP: 27/27 MP: 1/1
   352 | D:1      | Found a faded altar of an unknown god.
   368 | D:1      | Upgraded the game from 0.32-a0-699-g1ee5eff69a to
                  | 0.32-a0-814-g0968bab981
  1208 | D:2      | Reached XP level 3. HP: 30/34 MP: 2/2
  1500 | D:2      | Reached XP level 4. HP: 38/41 MP: 3/3
  1587 | D:2      | Reached skill level 5 in Fighting
  2768 | D:4      | Reached XP level 5. HP: 48/50 MP: 4/4
  2770 | D:4      | Reached skill level 5 in Axes
  2810 | D:4      | Found Taeggawn's Antique Armour Boutique.
  2820 | D:4      | Bought a glowing buckler for 150 gold pieces
  3109 | D:4      | Noticed Edmund
  3115 | D:4      | Reached skill level 6 in Fighting
  3120 | D:4      | Killed Edmund
  3121 | D:4      | Reached XP level 6. HP: 56/58 MP: 5/5
  3531 | D:5      | Entered Level 5 of the Dungeon
  3548 | D:4      | Reached skill level 7 in Fighting
  3648 | D:5      | Reached XP level 7. HP: 66/66 MP: 6/6
  4044 | D:5      | Reached skill level 8 in Fighting
  4231 | D:5      | Found a sacrificial altar of Ru.
  4752 | D:6      | Found Wunug's Antique Armour Emporium.
  4982 | D:6      | Found a hide-covered altar of Uskayaw.
  5009 | D:6      | Found a staircase to the Ecumenical Temple.
  5026 | Temple   | Entered the Ecumenical Temple
  5031 | Temple   | Became a worshipper of Warmaster Okawaru
  5807 | D:7      | Noticed Jeremiah
  5963 | D:7      | Noticed Menkaure
  5976 | D:7      | Killed Menkaure
  5977 | D:7      | Reached XP level 8. HP: 77/77 MP: 7/7
  5991 | D:6      | Reached skill level 9 in Fighting
  6413 | D:7      | Killed Jeremiah
  6413 | D:7      | Reached * piety under Okawaru
  6830 | D:7      | Reached skill level 10 in Fighting
  7025 | D:7      | Reached skill level 1 in Invocations
  7074 | D:6      | Reached skill level 10 in Axes
  7274 | D:7      | Reached XP level 9. HP: 86/86 MP: 9/9
  7291 | D:7      | Noticed Joseph
  7307 | D:7      | Killed Joseph
  7497 | D:7      | Noticed starts1789's ghost (novice FeSh)
  7514 | D:7      | Found a transporter.
  7519 | D:7      | Found a transporter.
  7840 | D:8      | Noticed Gastronok
  7856 | D:8      | Killed Gastronok
  7856 | D:8      | Reached ** piety under Okawaru
  7857 | D:8      | Reached skill level 11 in Fighting
  8278 | D:8      | Reached skill level 5 in Invocations
  8283 | D:8      | Reached XP level 10. HP: 97/97 MP: 12/12
  8287 | D:8      | Reached skill level 12 in Fighting
  8290 | D:8      | Reached *** piety under Okawaru
  8323 | D:8      | Found a stormy altar of Qazlal.
  8414 | D:8      | Found Icyuzen's Assorted Antiques.
  8660 | D:4      | Bought a distressingly furry hat for 180 gold pieces
  8660 | D:4      | Identified the +0 hat "Tifileda" {Str+4} (You bought it in
                  | a shop on level 4 of the Dungeon)
  9042 | D:8      | Bought a scroll labelled AJAROD FADDUSI for 23 gold pieces
  9042 | D:8      | Acquired 579 gold pieces
  9113 | D:6      | Bought a pair of bloodstained boots for 247 gold pieces
  9113 | D:6      | Identified the +0 pair of boots "Jeiwete" {Harm Str+2} (You
                  | bought it in a shop on level 6 of the Dungeon)
  9113 | D:6      | Bought an embroidered cloak for 195 gold pieces
  9236 | D:8      | Found a shimmering altar of Xom.
  9940 | D:9      | Reached **** piety under Okawaru
 10451 | D:9      | Reached skill level 13 in Fighting
 10830 | D:10     | Entered Level 10 of the Dungeon
 10905 | D:10     | Found a basalt altar of Yredelemnul.
 10910 | D:10     | Noticed a two-headed ogre
 10925 | D:10     | Killed a two-headed ogre
 10926 | D:10     | Reached XP level 11. HP: 71/107 MP: 15/15
 11229 | D:10     | Found a staircase to the Lair.
 11660 | D:11     | Found a staircase to the Orcish Mines.
 11706 | D:11     | Noticed a boulder beetle
 11786 | Lair:1   | Entered Level 1 of the Lair of Beasts
 11802 | Lair:1   | Reached ***** piety under Okawaru
 12006 | Lair:1   | Reached skill level 14 in Fighting
 12217 | Lair:1   | Received a gift from Okawaru
 12659 | Lair:1   | Noticed Nergalle
 12669 | Lair:1   | Killed Nergalle
 12697 | Lair:1   | Noticed Amaemon
 12709 | Lair:1   | Killed Amaemon
 13444 | Lair:2   | Received a gift from Okawaru
 13510 | Lair:2   | Reached XP level 12. HP: 70/117 MP: 18/18
 13662 | Lair:2   | Reached skill level 15 in Fighting
 14024 | Lair:2   | Reached skill level 15 in Axes
 14024 | Lair:2   | Reached skill level 10 in Invocations
 14284 | Lair:2   | Identified the ring of the Tormentor {rF+ Str+4 Int+6 SInv}
 14540 | Lair:2   | Noticed an eight-headed hydra
 14541 | Lair:2   | Received a gift from Okawaru
 14555 | Lair:2   | Killed an eight-headed hydra
 14999 | Lair:2   | Noticed a four-headed hydra
 15007 | Lair:2   | Killed a four-headed hydra
 15230 | Lair:3   | Found a staircase to the Swamp.
 15259 | Lair:3   | Reached skill level 16 in Fighting
 15438 | Lair:3   | Noticed Sonja
 15447 | Lair:3   | Killed Sonja
 15447 | Lair:3   | Noticed Rupert
 15455 | Lair:3   | HP: 4/122 [Rupert/+1 vampiric battleaxe (12)]
 15456 | Lair:3   | Mangled by Rupert

Illustrated notes

Levels and vault maps discovered:
D:1:      nicolae_arrival_memento_mori, layout_loops_corners,
          hellmonk_ecumenical_altar_pennies_from_heaven
D:2:      layout_loops_cross, minmay_misc_feat_five, minmay_misc_feat_tiny
D:3:      layout_basic
D:4:      layout_loops_ring, mainiacjoe_sewer_entry_somewhere_in_here_2,
          serial_shops, nicolae_shop_tiny_waterfront, minmay_small_thing,
          uniq_edmund
D:5:      layout_loops_cross, nicolae_ru_the_path_less_chosen, serial_bayou,
          serial_bayou_pond_b, serial_bayou_pond_d, serial_bayou_pond_e,
          serial_bayou_pond_a, serial_bayou_ford_a, serial_bayou_shore_b,
          st_stairs_9
D:6:      nicolae_cairo_tiling_large_dashed, layout_basic,
          mainiacjoe_overflow_alcove_2, serial_shops, nicolae_square_shop
D:7:      layout_basic, gammafunk_ghost_hive, minmay_holes,
          chequers_serial_rivers_large_a, uniq_menkaure, uniq_joseph,
          uniq_jeremiah
D:8:      layout_loops_corners, grunt_qazlal_clouds, kennysheep_little_box,
          serial_shops, nicolae_shop_tiny_statue_garden, uniq_gastronok
D:9:      layout_loops_cross, disabler_island
D:10:     layout_basic, mainiacjoe_overflow_paths, lair_entry_dummy
D:11:     layout_cave_pools, orc_0_dummy
Temple:   sentei_temple_godly_chess
Lair:1:   beast_lair_carwin_large_2, layout_gridlike,
          portal_ice_cave_entry_imps, columned_hall_lemuel,
          chequers_serial_rivers_room_a, grunt_megastairs_5, uniq_amaemon,
          uniq_nergalle
Lair:2:   layout_loops_ring, minmay_lair_oklob_items
Lair:3:   layout_hall_layers, minmay_swamp_entry_wisps,
          nicolae_spider_entry_tight_spaces, uniq_sonja, uniq_rupert

Skill      XL: |  1  2  3  4  5  6  7  8  9 10 11 12 |
---------------+-------------------------------------+-----
Fighting       | 4 5 6 7 8 10 11 13 14 16 | 16.2
Axes           | 3 4 6 8 10 11 13 14 15 | 15.8
Invocations    | 1 5 7 9 10 | 10.8
Armour         | |  3.6
Shields        | |  3.6

Action                     |  1- 3 |  4- 6 |  7- 9 | 10-12 || total
---------------------------+-------+-------+-------+-------++-------
  Melee: War axe           |    66 |   105 |   245 |   435 ||   851
         Headbutt          |     6 |    12 |    44 |   114 ||   176
         Flail             |       |       |       |     9 ||     9
 Invoke: Heroism           |       |       |       |     7 ||     7
         Finesse           |       |       |       |     1 ||     1
  Evoke: Wand              |       |       |     4 |     7 ||    11
    Use: Scroll            |     6 |    10 |     7 |    10 ||    33
         Potion            |       |       |     3 |     5 ||     8
 Armour: Scale mail        |    50 |    90 |   169 |    38 ||   347
         Plate armour      |       |       |       |   460 ||   460
  Dodge: Dodged            |    29 |    52 |    78 |   140 ||   299
  Block: Buckler           |    21 |    37 |    94 |   183 ||   335

Table legend: (Time is in decaauts)
 A = Elapsed time spent in this place.
 B = Non-inter-level travel time spent in this place.
 C = Inter-level travel time spent in this place.
 D = Time resting spent in this place.
 E = Time spent auto-exploring this place.
 F = Levels seen in this place.
 G = Mean time per level.
                   A        B        C        D        E       F      G
               +--------+--------+--------+--------+--------+-----+--------+
         Total |  15576 |  14658 |    918 |   3707 |   8276 |  15 | 1038.4 |
       Dungeon |  11956 |  11131 |    825 |   2550 |   6496 |  11 | 1086.9 |
        Temple |      8 |      8 |      0 |      0 |      0 |   1 |    8.0 |
          Lair |   3611 |   3519 |     92 |   1157 |   1780 |   3 | 1203.7 |
               +--------+--------+--------+--------+--------+-----+--------+

Top non-repeatable levels by time:
     D:6: 1926 daAuts
  Lair:2: 1685 daAuts
     D:8: 1662 daAuts
  Lair:1: 1612 daAuts
     D:7: 1501 daAuts
     D:1: 1176 daAuts
     D:5: 1135 daAuts
     D:4: 1100 daAuts
     D:9: 1015 daAuts
    D:10: 865 daAuts
     D:2: 777 daAuts
     D:3: 714 daAuts
  Lair:3: 313 daAuts
    D:11: 81 daAuts
  Temple: 8 daAuts
